 Dungeon Crawl Stone Soup version 0.21-a0-504-g2eda330 (webtiles) character file.

37 Roak the Insei (level 3, -3/27 HPs)
             Began as a Barachi Transmuter on Nov 26, 2017.
             Slain by an adder (4 damage)
             ... on level 1 of the Dungeon.
             The game lasted 00:06:02 (1270 turns).

Roak the Insei (Barachi Transmuter)                 Turns: 1270, Time: 00:06:02

Health: -3/27      AC:  3    Str: 11    XL:     3   Next: 39%
Magic:  4/6        EV: 12    Int: 14    God:
Gold:   36         SH:  0    Dex: 12    Spells: 3/6 levels left

rFire    . . .     SeeInvis .     - Unarmed
rCold    . . .     Gourm    .   (no shield)
rNeg     . . .     Faith    .   m - +0 leather armour
rPois    .         Spirit   .   (no helmet)
rElec    .         Reflect  .   (no cloak)
rCorr    .         Harm     .   (no gloves)
MR       .....                  (no boots)
Stlth    +.........             (no amulet)
HPRegen  0.09/turn              (no ring)
MPRegen  0.10/turn              (no ring)

@: lethally poisoned (-3 -> -13), appendage, very slightly contaminated, slow
A: +LOS, swims, horns 2, slowness 1, strong legs 1
a: Hop, End Transformation


You were on level 1 of the Dungeon.
You were not hungry.
You had grown temporary horns.
You visited 1 branch of the dungeon, and saw 2 of its levels.

You collected 36 gold pieces.

Inventory:

Hand Weapons
 e - a +0 club
 f - a +0 club
Missiles
 a - 22 arrows
Armour
 b - a +0 robe
 m - a +0 leather armour (worn)
Scrolls
 h - a scroll of random uselessness {unknown}
 j - a scroll of remove curse {unknown}
Potions
 i - 2 potions of agility {unknown}
 k - a potion of might {unknown}
 l - a potion of curing {unknown}
Books
 c - a book of Changes

   Spells                             Type                      Level
   a - Beastly Appendage              Transmutation                1
   b - Sticks to Snakes               Transmutation                2
   c - Spider Form                    Transmutation/Poison         3
   d - Ice Form                       Ice/Transmutation            4
   e - Blade Hands                    Transmutation                5
Comestibles
 d - a bread ration
 g - 4 chunks of flesh


   Skills:
 + Level 2.1 Fighting
 + Level 2.7 Dodging
 * Level 4.0 Unarmed Combat
 - Level 2.1 Spellcasting
 + Level 2.3 Transmutations


You had 3 spell levels left.
You knew the following spells:

 Your Spells              Type           Power        Failure   Level  Hunger
a - Beastly Appendage     Tmut           #.....       12%         1    #......
b - Sticks to Snakes      Tmut           #.......     19%         2    ###....


Dungeon Overview and Level Annotations

Branches:
Dungeon (2/15)

Altars:


Innate Abilities, Weirdness & Mutations

Shadows flee at your approach. (+LOS)
You can swim through water.
You cover ground slowly.
You can hop short distances.
You have a pair of horns on your head.


Message History

The adder is almost dead.
You feel sick. The adder bites you.
* * * LOW HITPOINT WARNING * * *
You are more poisoned.
The adder poisons you!
Casting: Beastly Appendage
Confirm with . or Enter, or press ? or * to list all spells.
You grow a pair of large bovine horns.
* * * LOW HITPOINT WARNING * * *
You feel sick. The adder bites you.
* * * LOW HITPOINT WARNING * * *
You closely miss the adder. Your punch misses the adder.
The adder is almost dead.
* * * LOW HITPOINT WARNING * * *
You feel sick. The adder barely misses you. The adder closely misses you.
You closely miss the adder. Your headbutt misses the adder.
The adder is almost dead.
* * * LOW HITPOINT WARNING * * *
You feel sick. The adder bites you.
You die...

### # ..## ## ...## ##. ....#
#### #.. ....# #..# #.. ....#
#..# #.. ....# ##..### ###.
....## #....@## ##... .....##
#.###S.## ##..## ......## #.#
##..# ###..### ....#..#
###.#####.#######...## #
....#..###>................######
....#...#....###.#.######### #..
...###.....#####.#...# #.#
...).(...### #...##.# #(#
..######)# #...##.# #.#


You could see an adder.

Vanquished Creatures
  A dart slug (D:1)
  A leopard gecko (D:1)
  A ball python (D:1)
  2 bats (D:1)
  6 giant cockroaches (D:1)
  4 goblins (D:1)
  7 hobgoblins (D:1)
  4 kobolds (D:1)
  A frilled lizard (D:1)
  A rat (D:1)
28 creatures vanquished.

Notes
Turn   | Place    | Note
-------+----------+-------------------------------------------
     0 | D:1      | Roak the Barachi Transmuter began the quest for the Orb.
     0 | D:1      | Reached XP level 1. HP: 15/15 MP: 3/3
    52 | D:1      | Reached XP level 2. HP: 9/21 MP: 3/5
   718 | D:1      | Reached XP level 3. HP: 22/27 MP: 4/6
   722 | D:1      | Learned a level 2 spell: Sticks to Snakes
   737 | D:1      | Reached skill level 4 in Unarmed Combat
  1270 | D:1      | HP: 1/27 [poisoned by an adder]
  1270 | D:1      | Slain by an adder

Vault maps used:
D:1:      minmay_arrival_floating_metal, serial_curves, eino_curves_03,
          eino_curves_02, minmay_shallow_snake_nest
D:2:      first_bread, nicolae_dithmenos_shadow_blocks

Skill      XL: |  1  2  3 |
---------------+----------+-----
Fighting       | 2 |  2.1
Unarmed Combat | 4 |  4.0
Dodging        | |  2.7
Spellcasting   | |  2.1
Transmutations | |  2.3

Action                   || total
-------------------------++-------
Melee: Unarmed           ||   122
       Kick              ||     6
       Headbutt          ||     6
 Cast: Beastly Appendage ||    18
 Stab: Sleeping          ||     1
  Eat: Chunk             ||     2
Armor: Robe              ||    17
       Leather armour    ||     3
Dodge: Dodged            ||    61

Table legend:
 A = Spawn XP
 B = Non-spawn XP
 C = Spawn XP percentage of total XP
 D = Spawn monster count
 E = Non-spawn monster count
 F = Spawn count percentage of total count
 G = Total turns spent on level
                    A         B        C        D         E        F      G
               +---------+---------+-------+---------+---------+-------+---------
         Total |       0 |      53 |   0.0 |       0 |      28 |   0.0 |  1270
               +---------+---------+-------+---------+---------+-------+---------
           D:1 |       0 |      53 |   0.0 |       0 |      28 |   0.0 |  1262
               +---------+---------+-------+---------+---------+-------+---------
